 Dungeon Crawl Stone Soup version 0.26.1-11-gd32895ea62 (webtiles) character file.

Game seed: 15734599737983879335

4 phalm the Conjurer (level 1, -1/13 HPs)
             Began as a Demonspawn Conjurer on June 24, 2021.
             Slain by a kobold
             ... wielding a +0 club
              (3 damage)
             ... on level 1 of the Dungeon.
             The game lasted 00:00:33 (108 turns).

phalm the Conjurer (Demonspawn Conjurer)             Turns: 108, Time: 00:00:33

Health: -1/13      AC:  2    Str:  7    XL:     1   Next: 50%
Magic:  0/3        EV: 12    Int: 19    God:
Gold:   0          SH:  0    Dex: 11    Spells: 3/4 levels left

rFire    . . .     SeeInvis .   b - +0 dagger
rCold    . . .     Faith    .   (no shield)
rNeg     . . .     Spirit   .   a - +0 robe
rPois    .         Reflect  .   (no helmet)
rElec    .         Harm     .   (no cloak)
rCorr    .         Rampage  .   (no gloves)
Will     .....                  (no boots)
Stlth    ++........             (no amulet)
HPRegen  0.04/turn              (no ring)
MPRegen  0.08/turn              (no ring)

@: no status effects
A: no striking features
a: no special abilities


You were on level 1 of the Dungeon.
You visited 1 branch of the dungeon, and saw 1 of its levels.


   Skills:
 + Level 0.2 Fighting
 - Level 1.7 Dodging
 - Level 1.7 Stealth
 + Level 2.0 Spellcasting
 * Level 4.1 Conjurations


You had 3 spell levels left.
You knew the following spells:

 Your Spells              Type           Power        Failure   Level
m - Magic Dart            Conj           68%          3%          1

Your spell library contained the following spells:

 Spells                   Type           Power        Failure   Level
 Searing Ray              Conj           34%          4%          2
 Dazzling Flash           Conj/Hex       18%          22%         3
 Fulminant Prism          Conj/Hex       4%           58%         4
 Iskenderun's Mystic Bla  Conj/Tloc      9%           58%         4

Inventory:

Hand Weapons
 b - a +0 dagger (weapon)
   (You took it off a kobold on level 1 of the Dungeon)
Armour
 a - a +0 robe (worn)

Dungeon Overview and Level Annotations

Branches:
Dungeon (1/15)

Altars:

#### ## ###≈≈≈≈≈≈
##≈≈≈≈§≈≈§
#≈≈≈≈≈#≈≈≈
##≈≈≈§§≈≈≈≈
#≈≈#≈≈≈≈§≈
###≈≈§≈≈####
#.'.......<#
#.'....§.K@#
#.#≈≈≈§≈####
#.#≈≈#≈§≈≈≈≈
#.##≈≈≈≈§≈≈≈§
#######.##≈§§§§#≈≈≈≈
....†...###§≈≈§≈≈≈§§
.######## ###§≈§≈§§#
.# ######## ##


You could see a kobold.


Message History

You kill the hobgoblin! 😎 MP[-1]
You lost 1 mp, and now have 2/3 mp.
Things that are here:
a +0 club; a hobgoblin corpse; 😎 MP[+1]
Your mp is fully restored (3).
A frilled lizard and a hobgoblin come into view.
Casting: Magic Dart (safe; 3% risk of failure)
Confirm with . or Enter, or press ? or * to list all spells.
Aiming: Magic Dart (safe; 3% risk of failure)
Press: ? - help, Shift-Dir - straight line, f - frilled lizard
Aim: a frilled lizard (asleep, 0% to evade)
The magic dart hits the frilled lizard.
You kill the frilled lizard! 😎 MP[-1]
You lost 1 mp, and now have 2/3 mp.
Casting: Magic Dart (safe; 3% risk of failure)
Confirm with . or Enter, or press ? or * to list all spells.
Aiming: Magic Dart (safe; 3% risk of failure)
Press: ? - help, Shift-Dir - straight line, f - hobgoblin
Aim: a hobgoblin (asleep, 0% to evade)
The magic dart hits the hobgoblin.
The hobgoblin shouts!
You hear a shout!
You hear an angry hiss. 😎 MP[-1]
You lost 1 mp, and now have 1/3 mp.
Casting: Magic Dart (safe; 3% risk of failure)
Confirm with . or Enter, or press ? or * to list all spells.
You can't see any susceptible monsters within range! (Use Z to cast anyway.)
A hobgoblin is nearby!
Casting: Magic Dart (safe; 3% risk of failure)
Confirm with . or Enter, or press ? or * to list all spells.
Aiming: Magic Dart (safe; 3% risk of failure)
Press: ? - help, Shift-Dir - straight line, f/p - hobgoblin
Aim: a hobgoblin (heavily wounded, 0% to evade)
The magic dart hits the hobgoblin but does no damage.
A kobold comes into view. It is wielding a +0 club. 😎 MP[-1]
You lost 1 mp, and now have 0/3 mp.
Casting: Magic Dart (safe; 3% risk of failure)
Confirm with . or Enter, or press ? or * to list all spells.
You don't have enough magic to cast that spell.
Things that are here:
a +0 club; a hobgoblin corpse 😎 MP[+1]
Casting: Magic Dart (safe; 3% risk of failure)
Confirm with . or Enter, or press ? or * to list all spells.
Aiming: Magic Dart (safe; 3% risk of failure)
Press: ? - help, Shift-Dir - straight line, f/p - hobgoblin
Aim: a hobgoblin (moderately wounded, 0% to evade)
The magic dart hits the hobgoblin. 😎 MP[-1]
You lost 1 mp, and now have 0/3 mp.
The hobgoblin completely misses you.
You hit the hobgoblin but do no damage. The hobgoblin hits you. 😕 HP[-2]
You take 2 damage, and now have 11/13 hp.
You barely miss the hobgoblin. The hobgoblin hits you. 😮 HP[-3]
You take 3 damage, and now have 8/13 hp.
MASSIVE DAMAGE!! (PAUSE)
You hit the hobgoblin but do no damage. The hobgoblin barely misses you.
You hit the hobgoblin but do no damage. The hobgoblin barely misses you.
You hit the hobgoblin.
You kill the hobgoblin! 😮 MP[+1]
You hit the kobold but do no damage. The kobold hits you with a +0 club.
* * * LOW HITPOINT WARNING * * *
😱 HP[-5]
You take 5 damage, and now have 3/13 hp.
MASSIVE DAMAGE!! (PAUSE)
Casting: Magic Dart (safe; 3% risk of failure)
Confirm with . or Enter, or press ? or * to list all spells.
Aiming: Magic Dart (safe; 3% risk of failure)
Press: ? - help, Shift-Dir - straight line, f - kobold
Aim: a kobold, wielding a +0 club and wearing a +0 robe (0% to evade)
The magic dart hits the kobold.
The kobold hits you with a +0 club.
* * * LOW HITPOINT WARNING * * *
😱 HP[-1] MP[-1]
You take 1 damage, and now have 2/13 hp.
You lost 1 mp, and now have 0/3 mp.
Unknown command.
There is a large open door here. 😱 HP[+1] 😱 MP[+1]
Casting: Magic Dart (safe; 3% risk of failure)
Confirm with . or Enter, or press ? or * to list all spells.
Aiming: Magic Dart (safe; 3% risk of failure)
Press: ? - help, Shift-Dir - straight line, f/p - kobold
Aim: a kobold, wielding a +0 club and wearing a +0 robe (severely wounded, 0% to evade)
The magic dart hits the kobold but does no damage.
The kobold closely misses you. 😱 MP[-1]
You lost 1 mp, and now have 0/3 mp.
There is an escape hatch in the floor here.
You hit the kobold but do no damage. The kobold hits you with a +0 club.
* * * LOW HITPOINT WARNING * * *
😱 HP[-1]
You take 1 damage, and now have 2/13 hp.
You hit the kobold but do no damage. The kobold hits you with a +0 club.
You die...

Action                   || total
-------------------------++-------
Melee: Dagger            ||     8
 Cast: Magic Dart        ||     9
Dodge: Dodged            ||     4

Levels and vault maps discovered:
D:1:      lightli_molten_gateway, layout_rooms, minmay_pentomino_w4

Notes
Turn   | Place    | Note
-------+----------+-------------------------------------------
     0 | D:1      | phalm the Demonspawn Conjurer began the quest for the Orb.
     0 | D:1      | Reached XP level 1. HP: 13/13 MP: 3/3
     0 | D:1      | magus.rc [v1.9.10]
    90 | D:1      | HP: 3/13 [kobold/+0 club (5)]
    95 | D:1      | HP: 2/13 [kobold/+0 club (1)]
   107 | D:1      | HP: 2/13 [kobold/+0 club (1)]
   108 | D:1      | Slain by a kobold

Vanquished Creatures
  2 hobgoblins (D:1)
  A frilled lizard (D:1)
  A kobold (D:1)
4 creatures vanquished.

Table legend:
 A = Non-vault XP
 B = Vault XP
 C = Vault XP percentage of total XP
 D = Non-vault monster count
 E = Vault monster count
 F = Vault count percentage of total count
                 A         B        C        D         E       F
            +---------+---------+-------+---------+---------+-------
      Total |       5 |       1 |  16.7 |       3 |       1 |  25.0
            +---------+---------+-------+---------+---------+-------
        D:1 |       5 |       1 |  16.7 |       3 |       1 |  25.0
            +---------+---------+-------+---------+---------+-------

Illustrated notes

Table legend:
 A = Kills in this place as a percentage of kills in entire the game.
 B = Kills by you in this place as a percentage of kills by you in the entire game.
 C = Kills by friends in this place as a percentage of kills by friends in the entire game.
 D = Other kills in this place as a percentage of other kills in the entire game.
 E = Experience gained in this place as a percentage of experience gained in the entire game.
 F = Experience gained in this place divided by the number of levels of this place that you have seen.
                   A       B       C       D       E      F
               +-------+-------+-------+-------+-------+----------------------
         Total | 100.0 | 100.0 |   N/A |   N/A | 100.0 |   6.0
       Dungeon | 100.0 | 100.0 |   N/A |   N/A | 100.0 |   6.0
               +-------+-------+-------+-------+-------+----------------------

Table legend: (Time is in decaauts)
 A = Elapsed time spent in this place.
 B = Non-inter-level travel time spent in this place.
 C = Inter-level travel time spent in this place.
 D = Time resting spent in this place.
 E = Time spent auto-exploring this place.
 F = Levels seen in this place.
 G = Mean time per level.
                   A        B        C        D        E       F      G
               +--------+--------+--------+--------+--------+-----+--------+
         Total |    107 |    107 |      0 |      0 |     54 |   1 |  107.0 |
       Dungeon |    107 |    107 |      0 |      0 |     54 |   1 |  107.0 |
               +--------+--------+--------+--------+--------+-----+--------+

Top non-repeatable levels by time:
     D:1: 107 daAuts
